 Dungeon Crawl Stone Soup version 0.16.1-11-g651b585 (webtiles) character file.

1528 sugabear the Shield-Bearer (level 8, -6/49 HPs)
             Began as a Gargoyle Fighter on Mar 30, 2015.
             Was an Initiate of Kikubaaqudgha.
             Mangled by an orc warrior
             ... wielding a +0 mace
              (9 damage)
             ... on level 6 of the Dungeon.
             The game lasted 00:09:15 (4576 turns).

sugabear the Shield-Bearer (Gargoyle Fighter)       Turns: 4576, Time: 00:09:15

Health: -6/49      AC: 12    Str: 27    XL:     8   Next: 85%
Magic:  12/12      EV:  9    Int:  9    God:    Kikubaaqudgha [......]
Gold:   274        SH: 11    Dex:  9    Spells: 0 memorised, 10 levels left

rFire  . . .     SeeInvis .     a - +0 war axe
rCold  . . .     Clarity  .     b - +0 scale mail
rNeg   + . .     SustAb   .     c - +0 shield
rPois  ∞         Gourm    .     (no helmet)
rElec  +         Spirit   .     (no cloak)
rCorr  .         Warding  .     (no gloves)
rMut   .         Stasis   .     (no boots)
MR     .....                    (no amulet)
Stlth  ..........               (no ring)
                                (no ring)

@: mighty, not resistant to hostile enchantments, extremely unstealthy
A: negative energy resistance 1, electricity resistance, unbreathing,
petrification resistance, rot immunity, AC +5
a: Renounce Religion


You were on level 6 of the Dungeon.
You worshipped Kikubaaqudgha.
Kikubaaqudgha was noncommittal.
You were not hungry.

You visited 2 branches of the dungeon, and saw 7 of its levels.

You collected 274 gold pieces.

Inventory:

Hand weapons
 a - a +0 war axe (weapon)
Missiles
 A - 4 silver tomahawks (quivered)
 C - 5 poisoned tomahawks
Armour
 b - a +0 scale mail (worn)
 c - a +0 shield (worn)
 r - a +2 hat
 L - a +2 hat
Jewellery
 h - an uncursed ring of poison resistance {unknown}
 k - an uncursed ring of positive energy {unknown}
 y - a +4 ring of strength {unknown}
 M - an uncursed amulet of faith {unknown}
Magical devices
 J - a wand of disintegration (14)
Scrolls
 f - 9 scrolls of identify {unknown}
 i - a scroll of noise {unknown}
 l - a scroll of amnesia {unknown}
 o - 2 scrolls of recharging {unknown}
 s - a scroll of blinking {unknown}
 u - 2 scrolls of enchant armour {unknown}
 B - a scroll of immolation {unknown}
 H - 4 scrolls of remove curse {unknown}
 N - a scroll of fog {unknown}
Potions
 j - 3 potions of restore abilities
 n - a potion of lignification {unknown}
 p - 3 potions of haste {unknown}
 q - a potion of heal wounds {unknown}
 t - 5 potions of flight
 v - a potion of brilliance {unknown}
 x - 3 potions of agility {unknown}
 z - a potion of magic {unknown}
 D - 2 potions of ambrosia {unknown}
 E - 2 potions of berserk rage {unknown}
 G - a potion of cancellation {unknown}
 I - 2 potions of degeneration {unknown}
 K - 2 potions of poison {unknown}
Comestibles
 d - 6 bread rations
 g - 2 beef jerkies
 m - 4 meat rations
 w - 2 fruits
 O - 7 chunks of flesh


   Skills:
 + Level 5.2 Fighting
 + Level 4.8 Axes
 + Level 5.5 Armour
 - Level 3.1 Dodging
 - Level 0.5 Stealth
 + Level 6.8 Shields
 * Level 1.9 Spellcasting
 * Level 1.7 Necromancy


You had 10 spell levels left.
You didn't know any spells.

Dungeon Overview and Level Annotations

Branches:
Dungeon (6/15)             Temple (1/1) D:5

Altars:
Ashenzari
Cheibriados
Dithmenos
Elyvilon
Fedhas
Gozag
Kikubaaqudgha
Makhleb
Nemelex Xobeh
Okawaru
Qazlal
Ru
Sif Muna
Trog
Vehumet
Xom
Yredelemnul
Zin
The Shining One


Innate Abilities, Weirdness & Mutations

You are resistant to torment.
You are immune to poison.
Your stone body is very resilient (AC +5).
You resist negative energy.
You are resistant to electric shocks.
You can survive without breathing.
You are immune to petrification.
You are immune to rotting.


Message History

You block the orc warrior's attack.
Drink which item? (? for menu, Esc to quit)
You feel better.
You closely miss the orc warrior. The orc warrior hits you with a mace!
The orc warrior hits you with a mace.
You hit the orc warrior.
The orc warrior is lightly wounded.
You block the orc warrior's attack.
You closely miss the orc warrior.
The orc warrior is lightly wounded.
The orc priest invokes the aid of Beogh against you.
Something smites you! You block the orc warrior's attack.
The orc priest invokes the aid of Beogh against you.
Something smites you!
* * * LOW HITPOINT WARNING * * *
Drink which item? (? for menu, Esc to quit)
You feel very mighty all of a sudden. The orc warrior hits you with a mace!
You die...
Kikubaaqudgha rasps: "You have failed me!
Welcome... oblivion!"

......... # ###
........... ....
######.#... #..# # #..##
#..# . .... ...# ##
##..###..# ........#
##########.###.#########
#.............$@ooo.....
#.########.###.#########
#.# #..##.#
##.#.........##.#
...#..........#.#
...#..........#.#
...#..........#.# ...#
...........# ...#
../....#..#


You could see an orc warrior, an orc priest and an orc.

Vanquished Creatures
  2 steam dragons (D:6)
  The ghost of ateoluz the Covert, an average SpAs (D:3)
  An ice beast (D:4)
  A sky beast (D:5)
  An ogre (D:4)
  Sigmund (D:3)
  Duvessa (D:4)
  A scorpion (D:4)
  Dowan (D:4)
  2 orc priests (D:5)
  A giant frog skeleton (D:4)
  An iguana (D:5)
  6 orc wizards
  4 worker ants
  A killer bee zombie (D:5)
  Ijyb (D:3)
  A hound skeleton (D:4)
  7 adders
  6 gnolls
  3 giant mites
  An ooze (D:5)
  18 orcs
  A ball python (D:3)
  9 bats
  A bat skeleton (D:4)
  2 giant cockroaches
  10 hobgoblins
  8 jackals
  9 kobolds
  A quokka (D:4)
  4 giant geckos
  4 giant newts
  12 goblins
  A quokka skeleton (D:5)
  3 rats
  2 ballistomycetes (D:4)
129 creatures vanquished.

Vanquished Creatures (others)
  A giant spore (D:4)
1 creature vanquished.

Grand Total: 130 creatures vanquished

Notes
Turn   | Place    | Note
--------------------------------------------------------------
     0 | D:1      | sugabear, the Gargoyle Fighter, began the quest for the Orb.
     0 | D:1      | Reached XP level 1. HP: 14/14 MP: 1/1
   140 | D:1      | Reached XP level 2. HP: 13/19 MP: 2/2
   584 | D:2      | Reached XP level 3. HP: 20/23 MP: 3/3
  1146 | D:3      | Reached skill level 4 in Shields
  1263 | D:3      | Reached XP level 4. HP: 29/29 MP: 4/4
  1349 | D:3      | Noticed Sigmund
  1362 | D:3      | Killed Sigmund
  1362 | D:3      | Reached XP level 5. HP: 17/33 MP: 5/5
  1649 | D:3      | Noticed Ijyb
  1670 | D:3      | Killed Ijyb
  1798 | D:3      | Noticed ateoluz's ghost (average SpAs)
  1813 | D:3      | Killed ateoluz's ghost
  1813 | D:3      | Reached skill level 1 in Dodging
  1813 | D:3      | Reached skill level 5 in Shields
  1813 | D:3      | Reached XP level 6. HP: 36/38 MP: 6/6
  1909 | D:4      | Found a snail-covered altar of Cheibriados.
  2108 | D:4      | Found an opulent altar of Gozag.
  2110 | D:4      | Found a deep blue altar of Sif Muna.
  2118 | D:4      | Found a blossoming altar of Fedhas.
  2290 | D:4      | Reached XP level 7. HP: 28/43 MP: 7/7
  2427 | D:4      | Noticed Duvessa
  2427 | D:4      | Noticed Dowan
  2436 | D:4      | Killed Duvessa
  2450 | D:4      | Killed Dowan
  2485 | D:4      | Reached skill level 6 in Shields
  2634 | D:4      | Found a glowing silver altar of Zin.
  2634 | D:4      | Found a white marble altar of Elyvilon.
  2635 | D:4      | Found a glowing golden altar of the Shining One.
  2686 | D:4      | Reached skill level 5 in Armour
  2896 | D:4      | Reached XP level 8. HP: 45/48 MP: 8/8
  3110 | D:5      | Entered Level 5 of the Dungeon
  3144 | D:5      | Found a staircase to the Ecumenical Temple.
  3180 | Temple   | Entered the Ecumenical Temple
  3407 | Temple   | Became a worshipper of Kikubaaqudgha
  3570 | D:5      | Reached skill level 1 in Spellcasting
  3882 | D:5      | Reached skill level 1 in Necromancy
  4483 | D:6      | Reached skill level 5 in Fighting
  4576 | D:6      | Mangled by an orc warrior

Action                   |  1- 3 |  4- 6 |  7- 9 || total
-------------------------+-------+-------+-------++-------
Melee: War axe           |   128 |   123 |   287 ||   538
Throw: Tomahawk          |       |     2 |       ||     2
  Use: Potion            |       |     1 |     8 ||     9
  Eat: Chunk             |     1 |     4 |     7 ||    12
       Pizza             |       |       |     1 ||     1
